 Dungeon Crawl Stone Soup version 0.25.1-2-g60ff931df9 (webtiles) character file.

Game seed: 14052232819209863804

27 DogServant the Charmwright (level 3, 29/29 HPs)
             Began as a Barachi Skald on Nov 19, 2020.
             Quit the game on level 1 of the Dungeon.
             The game lasted 00:01:48 (1014 turns).

DogServant the Charmwright (Barachi Skald)          Turns: 1014, Time: 00:01:49

Health: 29/29      AC:  3    Str: 13    XL:     3   Next: 10%
Magic:  6/6        EV: 12    Int: 13    God:
Gold:   34         SH:  0    Dex: 11    Spells: 5/6 levels left

rFire    . . .     SeeInvis .   a - +0 falchion
rCold    . . .     Gourm    .   (no shield)
rNeg     . . .     Faith    .   b - +0 leather armour
rPois    .         Spirit   .   (no helmet)
rElec    .         Reflect  .   (no cloak)
rCorr    .         Harm     .   (no gloves)
MR       .....                  (no boots)
Stlth    +.........             (no amulet)
HPRegen  0.09/turn              (no ring)
MPRegen  0.10/turn              (no ring)

@: slow
A: +LOS, swims, slowness 1, strong legs 1
a: Hop


You were on level 1 of the Dungeon.
You were not hungry.

You visited 1 branch of the dungeon, and saw 1 of its levels.

You collected 34 gold pieces.

Inventory:

Hand Weapons
 a - a +0 falchion (weapon)
Armour
 b - a +0 leather armour (worn)
Scrolls
 c - a scroll of teleportation {unknown}
 g - a scroll of identify {unknown}
Potions
 e - a potion of might {unknown}
 h - a potion of lignification {unknown}
 i - a potion of ambrosia {unknown}
Comestibles
 d - 5 rations


   Skills:
 - Level 3.0 Fighting
 + Level 3.2 Long Blades
 - Level 1.2 Armour
 + Level 2.9 Dodging
 - Level 2.1 Spellcasting
 - Level 3.2 Charms


You had 5 spell levels left.
You knew the following spells:

 Your Spells              Type           Power        Failure   Level  Hunger
a - Infusion              Chrm           #...         9%          1    ##.....

Your spell library contained the following spells:

 Spells                   Type           Power        Failure   Level  Hunger
 Song of Slaying          Chrm           #.......     12%         2    ###....
 Shroud of Golubria       Chrm/Tloc      #.....       24%         2    ###....
 Ozocubu's Armour         Chrm/Ice       #.......     43%         3    ####...
 Spectral Weapon          Hex/Chrm       #.......     43%         3    ####...


Dungeon Overview and Level Annotations

Branches:
Dungeon (1/15)

Altars:


Innate Abilities, Weirdness & Mutations

You can be seen from farther away. (+LOS)
You can swim through water.
You cover ground slowly.
You can hop short distances.


Message History

You hit the bat.
You kill the bat!
No target in view!
No target in view!
You butcher the bat corpse.
f - 3 chunks of flesh (gained 1)
You see here a bat skeleton. x2
d - 5 rations (gained 1) Some of the chunks of flesh in your inventory have rotted away.
There is an open door here.
There is an open door here.
There is an open door here.
There is an open door here.
Eating a chunk of flesh.
You eat the chunk of flesh.
This raw flesh tastes terrible.
There is a stone staircase leading down here.
Done exploring.
Done exploring.
Done exploring.
Are you sure you want to abandon this character and quit the game? (Confirm with "yes".)

#.####..........#..#.#
#.# #.###+#.#######.#
#.# #.......#.......#
#.# #.........#######
#.# #.)....####### #.#
#............# #.#
#.(....#####.# #.#
##......#####.# #.#
#.......+...@.# ..#
#.#.....####### ..#
#.##'######### ..#
#............#
..###............#
....#............#
###.#............# #
#.#............#
###.##...........#


There were no monsters in sight!

Vanquished Creatures
  A dart slug (D:1)
  2 leopard geckos (D:1)
  4 bats (D:1)
  A giant cockroach (D:1)
  A goblin (D:1)
  3 hobgoblins (D:1)
  5 kobolds (D:1)
  A ball python (D:1)
  A frilled lizard (D:1)
  A rat (D:1)
20 creatures vanquished.

Notes
Turn   | Place    | Note
-------+----------+-------------------------------------------
     0 | D:1      | DogServant the Barachi Skald began the quest for the Orb.
     0 | D:1      | Reached XP level 1. HP: 17/17 MP: 3/3
   145 | D:1      | Reached XP level 2. HP: 23/23 MP: 5/5
   660 | D:1      | Reached XP level 3. HP: 29/29 MP: 4/6
  1014 | D:1      | Quit the game

Illustrated notes

Levels and vault maps discovered:
D:1:      dpeg_arrival_concentric_ovals, layout_basic

Skill      XL: |  1  2 |
---------------+-------+-----
Fighting       | 3 |  3.0
Long Blades    | 3 |  3.2
Armour         | |  1.2
Dodging        | |  2.9
Spellcasting   | |  2.1
Charms         | |  3.2

Action                   || total
-------------------------++-------
Melee: Falchion          ||    50
 Cast: Infusion          ||     1
 Abil: Hop               ||     2
  Eat: Chunk             ||     1
Armor: Leather armour    ||    15
Dodge: Dodged            ||    38
       Rpst.: Falchion   ||    15
